 Dungeon Crawl Stone Soup version 0.14-a0-840-g06343e3 (webtiles) character file.

136 PolkaDot the Vexing (level 4, -6/30 HPs)
             Began as a Vampire Enchanter on Nov 13, 2013.
             Mangled by Grinder (8 damage)
             ... while paralysed by Grinder
             ... on Level 3 of the Dungeon.
             The game lasted 00:05:44 (1183 turns).

PolkaDot the Vexing (Vampire Enchanter)             Turns: 1183, Time: 00:05:44

HP  -6/30        AC  3     Str 12      XL: 4   Next: 23%
MP   8/8         EV  2     Int 17      God:
Gold 52          SH  0     Dex 15      Spells:  2 memorised,  1 level left

Res.Fire  : . . .   See Invis. : +   j - +0 dagger (venom)
Res.Cold  : . . .   Warding    : .   b - +1 robe
Life Prot.: . . .   Conserve   : .   (no shield)
Res.Poison: .       Res.Corr.  : .   (no helmet)
Res.Elec. : .       Clarity    : .   (no cloak)
Sust.Abil.: . .     Spirit.Shd : .   (no gloves)
Res.Mut.  : .       Stasis     : .   (no boots)
Res.Rott. : .       Flight     : +   (no amulet)
Saprovore : . . .                    (no ring)
                                     (no ring)

@: paralysed, regenerating quickly, mighty, flying, slightly resistant to
hostile enchantments, stealthy
A: fangs 3, see invisible, unbreathing
a: no special abilities


You were on level 3 of the Dungeon.
You were very full.

You visited 1 branch of the dungeon, and saw 3 of its levels.

You collected 52 gold pieces.

Inventory:

Hand weapons
 j - a +0,+0 dagger of venom (weapon)
Missiles
 d - 12 darts (quivered)
Armour
 b - a +1 robe (worn)
Scrolls
 e - a scroll of amnesia {unknown}
 f - 5 scrolls of remove curse {unknown}
 g - 2 scrolls of noise {unknown}
 h - a scroll of identify {unknown}
 i - a scroll of curse jewellery {unknown}
 k - a scroll of enchant weapon II {unknown}
 l - 2 scrolls of fog {unknown}
 n - a scroll of fear {unknown}
Potions
 o - a potion of might
Books
 c - a book of Maledictions

   Spells                             Type                      Level
   *Corona                            Hexes                        1
   Sure Blade                         Hexes/Charms                 2
   Ensorcelled Hibernation            Hexes/Ice                    2
   *Confuse                           Hexes                        3
   Enslavement                        Hexes                        4
   Invisibility                       Hexes                        6


   Skills:
 + Level 3.2 Short Blades
 - Level 0.7 Throwing
 - Level 2.1 Dodging
 + Level 3.2 Stealth
 - Level 1.0 Spellcasting
 * Level 5.9 Hexes


You had one spell level left.
You knew the following spells:

 Your Spells              Type           Power        Failure   Level  Hunger
A - Corona                Hex            ###....      1%          1    ##.....
C - Confuse               Hex            ###.....     8%          3    ####...


Dungeon Overview and Level Annotations

Branches:
Dungeon (3/16)

Altars:
Okawaru

Annotations:
D:3 Grinder


Innate Abilities, Weirdness & Mutations

Your natural rate of healing is unusually fast.
You have razor-sharp teeth.*
You have supernaturally acute eyesight.
You can survive without breathing.*


Message History

Grinder gestures at you. You resist.
The ball python bites you but does no damage.
The ball python closely misses you.
You slash the ball python!
You kill the ball python!
Grinder gestures at you. Pain shoots through your body!
Grinder says, "Tell me all your secrets, or I'll kill you."
Grinder gestures at you.
You suddenly lose the ability to move!
Grinder barely misses you. Grinder hits you. Grinder hits you.
You writhe in agony.
Grinder hits you!
* * * LOW HITPOINT WARNING * * *
You writhe in agony.
* * * LOW HITPOINT WARNING * * *
Grinder hits you!
You die...

#.#..#.###.......#...#.##
#.#.....##.........#.#.##
# ##.#..##.......###.#.##
#.##.#..##.......###.#.##
#..........#####.....#..
#######.############.###
#...%...# #.# #.......#
#.# #.@####.######.#
#..5#.....!.....#
#.#....##.########
##..... ##..### ##.. ###


You could see Grinder.

Vanquished Creatures
  4 adders
  3 giant geckos (D:2)
  2 giant cockroaches
  2 hobgoblins
  8 jackals
  4 kobolds (D:1)
  2 ball pythons
  A bat (D:2)
  2 giant newts (D:2)
  8 goblins
  6 rats
42 creatures vanquished.

Notes
Turn   | Place    | Note
--------------------------------------------------------------
     0 | D:1      | PolkaDot, the Vampire Enchanter, began the quest for the Orb.
     0 | D:1      | Reached XP level 1. HP: 13/13 MP: 4/4
   176 | D:1      | Reached XP level 2. HP: 16/19 MP: 5/5
   187 | D:1      | Reached skill level 5 in Hexes
   496 | D:2      | Found an iron altar of Okawaru.
   515 | D:2      | Reached XP level 3. HP: 7/24 MP: 6/6
  1072 | D:3      | Noticed Grinder
  1080 | D:3      | Learned a level 3 spell: Confuse
  1096 | D:3      | Reached XP level 4. HP: 20/30 MP: 8/8
  1178 | D:3      | Paralysed by Grinder for 7 turns
  1183 | D:3      | Mangled by Grinder

Action                   |  1- 3 |  4- 6 || total
-------------------------+-------+-------++-------
Melee: Dagger            |   166 |    18 ||   184
  Use: Potion            |     1 |     3 ||     4
